 Dungeon Crawl Stone Soup version 0.27-a0-1099-g7f87ac42b0 (webtiles) character file.

Game seed: 8235455791236758509

101 Gaff the Magician (level 4, -1/33 HPs)
             Began as a Djinni Earth Elementalist on Apr 28, 2021.
             Was a Follower of Makhleb.
             Killed by divine providence
             ... invoked by an orc priest
              (16 damage)
             ... on level 3 of the Dungeon.
             The game lasted 00:05:45 (4344 turns).

Gaff the Magician (Djinni Earth Elementalist)       Turns: 4344, Time: 00:05:46

Health: -1/33      AC:  2    Str:  7    XL:     4   Next: 75%
Gold:   85         EV: 12    Int: 18    God:    Makhleb [*.....] SH:  0 Dex: 13

rFire    + + .     SeeInvis .   a - +0 hand axe
rCold    x . .     Faith    .   (no shield)
rNeg     . . .     Spirit   .   c - +0 robe
rPois    ∞         Reflect  .   (no helmet)
rElec    .         Harm     .   (no cloak)
rCorr    .         Rampage  .   (no gloves)
Will     .....                  (boots unavailable)
Stlth    ++........             (no amulet)
HPRegen  0.11/turn              (no ring)
MPRegen  0.00/turn              (no ring)

@: flying
A: fire resistance 2, cold vulnerability 1, float, innate caster, hp casting,
extra vitality 1
a: Renounce Religion


You were on level 3 of the Dungeon.
You worshipped Makhleb.
Makhleb was aware of your devotion.
You visited 1 branch of the dungeon, and saw 3 of its levels.

You collected 85 gold pieces.

Inventory:

Hand Weapons
 a - a +0 hand axe (weapon)
Missiles
 b - 52 stones
Armour
 c - a +0 robe (worn)
Jewellery
 i - an amulet of faith
Scrolls
 d - a scroll of fear {unknown}
 g - a scroll of magic mapping {unknown}
 h - a scroll of teleportation {unknown}
 j - a scroll of blinking {unknown}
 k - a scroll of brand weapon {unknown}
 l - a scroll of holy word {unknown}
 o - a scroll of silence {unknown}
 p - a scroll of identify {unknown}
 q - a scroll of amnesia {unknown}
Potions
 e - a potion of mutation {unknown}
 f - a potion of curing {unknown}
 m - a potion of haste {unknown}
 n - a potion of attraction {unknown}


   Skills:
 + Level 2.1 Fighting
 - Level 2.2 Dodging
 - Level 1.5 Stealth
 * Level 4.1 Spellcasting


You couldn't memorise any spells.
You knew the following spells:

 Your Spells              Type           Power      Damage    Failure   Level
a - Sandblast             Erth           36%        2d10      2%          1
b - Passwall              Tmut/Erth      15%        N/A       4%          2
c - Stone Arrow           Conj/Erth      36%        3d9       9%          3
d - Petrify               Tmut/Erth      18%        N/A       26%         4
e - Lee's Rapid Deconstr  Erth           9%         3d8*      58%         5
f - Corona                Hex            20%        N/A       2%          1
Your spell library was empty.

Dungeon Overview and Level Annotations

Branches:
Dungeon (3/15)

Altars:
Makhleb

Annotations:
D:2 1 runed translucent door, Crazy Yiuf, Natasha


Innate Abilities, Weirdness & Mutations

You are immune to poison.
Your flesh is very heat resistant. (rF++)
You are vulnerable to cold. (rC-)
You float through the air rather than walking.
You learn spells naturally, not from books.
Your magical power is your life essence.
You have superior vitality. (+4 HP)


Message History

You fly downwards.
There is a stone staircase leading up here.
You reach down and open the door.
There is a stone staircase leading up here.
What are your orders? t - Shout!
Orders for allies: a - Attack new target. r - Retreat! s - Stop attacking. g - Guard the area. f - Follow me.
Anything else - Cancel.
You shout for attention!
You hear a shout! x2
The orc priest shouts!
There is a stone staircase leading up here.
Aiming: Sandblast (safe; 2% risk of failure)
Press: ? - help, Q - select action, (/) - cycle Shift-Dir - straight line, f - orc priest
Aim: an orc priest, wielding a +0 morningstar and wearing a +0 ring mail (82% to hit)
The blast of sand hits the orc priest but does no damage.
The orc priest mumbles some strange prayers to Beogh against you.
Beogh smites you!
Aiming: Sandblast (safe; 2% risk of failure)
Press: ? - help, Q - select action, (/) - cycle Shift-Dir - straight line, f/p - orc priest
Aim: an orc priest, wielding a +0 morningstar and wearing a +0 ring mail (82% to hit)
The blast of sand hits the orc priest but does no damage.
The orc priest hits you with a +0 morningstar.
Aiming: Sandblast (safe; 2% risk of failure)
Press: ? - help, Q - select action, (/) - cycle Shift-Dir - straight line, f/p - orc priest
Aim: an orc priest, wielding a +0 morningstar and wearing a +0 ring mail (82% to hit)
The blast of sand hits the orc priest but does no damage.
The orc priest invokes the aid of Beogh against you.
Pain shoots through your body!
* * * LOW HITPOINT WARNING * * *
There is a stone staircase leading up here.
Aiming: Sandblast (safe; 2% risk of failure)
Press: ? - help, Q - select action, (/) - cycle Shift-Dir - straight line, f/p - orc priest
Aim: an orc priest, wielding a +0 morningstar and wearing a +0 ring mail (82% to hit)
The blast of sand hits the orc priest but does no damage.
* * * LOW HITPOINT WARNING * * *
The orc priest invokes the aid of Beogh against you.
Beogh smites you!
You die...

#........#
#........#
#....#####
#.†..######
#..........
#....)#####
#.....#
###'#.#
#@o.#.#
#####.# .#
.. .. ##


You could see an orc priest.

Vanquished Creatures
  An orc wizard (D:3)
  3 adders (D:2)
  3 worms
  2 orcs (D:3)
  4 bats
  3 endoplasms
  3 giant cockroaches
  4 goblins
  2 hobgoblins
  2 jackals (D:2)
  4 quokkas
  2 frilled lizards
  A kobold (D:1)
  5 rats
39 creatures vanquished.

Notes
Turn   | Place    | Note
-------+----------+-------------------------------------------
     0 | D:1      | Gaff the Djinni Earth Elementalist began the quest for the
                  | Orb.
     0 | D:1      | Reached XP level 1. HP: 15/15 MP: 0/0
   645 | D:1      | Reached skill level 3 in Spellcasting
   647 | D:1      | Reached XP level 2. HP: 21/22 MP: 0/0
  1164 | D:1      | Identified the Papyrus of Freezing Sinister Rites
  1742 | D:2      | Found a runed translucent door.
  1743 | D:2      | Noticed Crazy Yiuf
  1830 | D:2      | Reached skill level 1 in Fighting
  1830 | D:2      | Reached XP level 3. HP: 16/27 MP: 0/0
  1830 | D:2      | Learned a level 1 spell: Corona
  2761 | D:2      | Noticed Natasha
  2847 | D:2      | Reached XP level 4. HP: 27/32 MP: 0/0
  3541 | D:2      | Found a faded altar of an unknown god.
  3550 | D:2      | Became a worshipper of Makhleb the Destroyer
  3550 | D:2      | Reached * piety under Makhleb
  3868 | D:3      | Reached skill level 4 in Spellcasting
  4344 | D:3      | Killed from afar by an orc priest

Illustrated notes

Levels and vault maps discovered:
D:1:      lemuel_arrival_tunnels, layout_loops_corners
D:2:      layout_basic, ebering_ecumenical_altar_hall, hangedman_glass_teeth,
          corexii_hall_statues_l, kennysheep_generic_room_14,
          uniq_crazy_yiuf_cottage, uniq_natasha
D:3:      minmay_thinvault, layout_basic, grunt_ministairs_2, uniq_robin,
          uniq_ijyb

Skill      XL: |  1  2  3  4 |
---------------+-------------+-----
Spellcasting   | 3 4 |  4.1
Fighting       | 1 2 |  2.1
Dodging        | |  2.2
Stealth        | |  1.5

Action                   |  1- 3 |  4- 6 || total
-------------------------+-------+-------++-------
Melee: Unarmed           |    51 |       ||    51
       Hand axe          |    58 |    32 ||    90
 Cast: Sandblast         |    28 |    20 ||    48
       Corona            |       |     1 ||     1
 Stab: Sleeping          |     2 |       ||     2
Armor: Robe              |    36 |    10 ||    46
Dodge: Dodged            |   103 |    23 ||   126

Table legend: (Time is in decaauts)
 A = Elapsed time spent in this place.
 B = Non-inter-level travel time spent in this place.
 C = Inter-level travel time spent in this place.
 D = Time resting spent in this place.
 E = Time spent auto-exploring this place.
 F = Levels seen in this place.
 G = Mean time per level.
                   A        B        C        D        E       F      G
               +--------+--------+--------+--------+--------+-----+--------+
         Total |   4372 |   4256 |    116 |   2029 |   1705 |   3 | 1457.3 |
       Dungeon |   4372 |   4256 |    116 |   2029 |   1705 |   3 | 1457.3 |
               +--------+--------+--------+--------+--------+-----+--------+

Top non-repeatable levels by time:
     D:2: 2214 daAuts
     D:1: 1745 daAuts
     D:3: 412 daAuts
